 Dungeon Crawl Stone Soup version 0.30-a0-389-g8d7d949f56 (webtiles) character file.

Game seed: 16835768038490664309

233 arthad the Chiller (level 6, 0/41 HPs)
             Began as a Merfolk Ice Elementalist on Dec 4, 2022.
             Was a Believer of Fedhas.
             Frozen to death by an endoplasm (2 damage)
             ... on level 4 of the Dungeon.
             The game lasted 00:11:09 (3257 turns).

arthad the Chiller (Merfolk Ice Elementalist)       Turns: 3257, Time: 00:11:10

Health: 0/41       AC: 10    Str:  8    XL:     6   Next: 4%
Magic:  2/11       EV: 13    Int: 16    God:    Fedhas [**....]
Gold:   129        SH:  0    Dex: 15    Spells: 5/12 levels left

rFire   + . .      SeeInvis .    j - staff of cold
rCold   + . .      Faith    .    (no shield)
rNeg    . . .      Spirit   .    e - +1 robe {rF+}
rPois   .          Reflect  .    (no helmet)
rElec   .          Harm     .    (no cloak)
rCorr   .          Rampage  .    (no gloves)
Will    .....                    (no boots)
Stlth   ++........               (no amulet)
HPRegen 0.26/turn                (no ring)
MPRegen 0.12/turn                (no ring)

@: ice-armoured
A: (nimble swimmer 2), mertail
a: Renounce Religion, Wall of Briars


You were on level 4 of the Dungeon.
You worshipped Fedhas.
Fedhas was pleased with you.
You visited 1 branch of the dungeon, and saw 4 of its levels.

You collected 129 gold pieces.

Inventory:

Hand Weapons
 k - a +0 long sword of freezing
Missiles
 l - 7 poisoned darts
 p - 5 boomerangs
Armour
 a - a +0 robe
 e - a +1 robe of fire resistance (worn)
 q - a +1 scale mail of fire resistance
Magical Staves
 j - a staff of cold (weapon)
Scrolls
 c - 4 scrolls of identify {unknown}
 d - a scroll of teleportation {unknown}
 f - a scroll of vulnerability {unknown}
 m - a scroll of fear {unknown}
 n - a scroll of butterflies {unknown}
Potions
 b - a potion of magic
 g - a potion of heal wounds {unknown}
 h - a potion of curing
 i - a potion of attraction {unknown}
 o - 2 potions of ambrosia {unknown}


   Skills:
 + Level 4.1 Dodging
 + Level 3.6 Stealth
 * Level 3.5 Spellcasting
 * Level 5.7 Ice Magic


You had 5 spell levels left.
You knew the following spells:

 Your Spells              Type           Power      Damage    Failure   Level
a - Freeze                Ice            100%       1d10      1%          1
b - Frozen Ramparts       Ice            62%        1d10      5%          3
c - Ozocubu's Armour      Ice            31%        N/A       5%          3

Your spell library contained the following spells:

 Spells                   Type           Power      Damage    Failure   Level
 Summon Small Mammal      Summ           8%         N/A       19%         1
 Call Canine Familiar     Summ           2%         N/A       47%         3
 Summon Guardian Golem    Hex/Summ       2%         N/A       47%         3
 Summon Ice Beast         Ice/Summ       17%        N/A       50%         4


Dungeon Overview and Level Annotations

Branches:
Dungeon (4/15)
 Temple: D:4-7

Altars:
Fedhas

Shops:
D:1 !

Annotations:
D:4 Edmund


Innate Abilities, Weirdness & Mutations

((You are very nimble when in or above water. (Stealth+, EV+, Speed+++)))
Your lower body shifts to a powerful aquatic tail in water.


Message History

Aiming: Freeze (safe; 1% risk of failure)
Press: ? - help, Shift-Dir - straight line, f - Edmund
Aim: Edmund, wielding a +1 flail of distortion and wearing a +0 ring mail (moderately wounded)
You feel a surge of power!
You freeze Edmund.
Edmund is moderately wounded.
Edmund barely misses you.
The endoplasm hits you but does no damage.
Casting: Freeze (safe; 1% risk of failure)
Confirm with . or Enter, or press ? or * to list all spells.
Aiming: Freeze (safe; 1% risk of failure)
Press: ? - help, Shift-Dir - straight line, f/p - Edmund
Aim: Edmund, wielding a +1 flail of distortion and wearing a +0 ring mail (moderately wounded)
You feel a surge of power!
You freeze Edmund!
Edmund is heavily wounded.
The endoplasm freezes you.
You are frozen.
You resist.
Unknown command.
Casting: Freeze (safe; 1% risk of failure)
Confirm with . or Enter, or press ? or * to list all spells.
Aiming: Freeze (safe; 1% risk of failure)
Press: ? - help, Shift-Dir - straight line, f/p - Edmund
Aim: Edmund, wielding a +1 flail of distortion and wearing a +0 ring mail (heavily wounded)
You feel a surge of power!
You freeze Edmund!
Edmund is severely wounded.
The endoplasm closely misses you.
Edmund hits you with a +1 flail of distortion!
Space warps horribly around you!
* * * LOW HITPOINT WARNING * * *
Unknown command.
Casting: Freeze (safe; 1% risk of failure)
Confirm with . or Enter, or press ? or * to list all spells.
Aiming: Freeze (safe; 1% risk of failure)
Press: ? - help, Shift-Dir - straight line, f/p - Edmund
Aim: Edmund, wielding a +1 flail of distortion and wearing a +0 ring mail (severely wounded)
You feel a surge of power!
You freeze Edmund.
Edmund is severely wounded.
The endoplasm freezes you.
You are frozen.
You resist.
You die...
Fedhas appreciates your contribution to the ecosystem.

#.........#
>........#
..........
##.($....##
#.........#
#####.........#
...............
#.@@.......
#..J...)...
##.(.....#.
##<....##
#######


You could see Edmund and an endoplasm.

Vanquished Creatures
  3 orc priests (D:3)
  Jessica (D:3)
  Natasha (D:3)
  3 worms
  2 dart slugs
  6 orcs (D:3)
  7 endoplasms
  3 giant cockroaches
  7 goblins
  4 hobgoblins
  3 jackals (D:2)
  3 quokkas
  7 ball pythons
  6 bats
  7 frilled lizards
  8 kobolds
  7 rats
78 creatures vanquished.

Vanquished Creatures (others)
  4 toadstools (D:1)
4 creatures vanquished.

Grand Total: 82 creatures vanquished

Notes
Turn   | Place    | Note
-------+----------+-------------------------------------------
     0 | D:1      | arthad the Merfolk Ice Elementalist began the quest for the
                  | Orb.
     0 | D:1      | Reached XP level 1. HP: 13/13 MP: 3/3
   153 | D:1      | Reached XP level 2. HP: 18/19 MP: 0/5
   423 | D:1      | Found Cyegg's Distillery.
   660 | D:1      | Reached XP level 3. HP: 18/24 MP: 1/6
   665 | D:1      | Learned a level 3 spell: Frozen Ramparts
  1158 | D:2      | Found a faded altar of an unknown god.
  1168 | D:2      | Prayed at the altar of an unknown god.
  1168 | D:2      | Became a worshipper of Fedhas Madash
  1168 | D:2      | Reached * piety under Fedhas
  1472 | D:2      | Learned a level 3 spell: Ozocubu's Armour
  2102 | D:3      | Reached XP level 4. HP: 30/30 MP: 4/7
  2284 | D:3      | Noticed Jessica
  2289 | D:3      | Killed Jessica
  2290 | D:3      | Reached skill level 5 in Ice Magic
  2478 | D:3      | Reached XP level 5. HP: 29/35 MP: 5/9
  2486 | D:3      | Reached ** piety under Fedhas
  3162 | D:4      | Noticed Natasha
  3162 | D:4      | Noticed Edmund
  3170 | D:3      | Killed Natasha
  3171 | D:3      | Reached XP level 6. HP: 20/41 MP: 7/11
  3256 | D:4      | HP: 2/41 [Edmund/+1 flail of distortion (11)]
  3257 | D:4      | Frozen to death by an endoplasm

Illustrated notes

Levels and vault maps discovered:
D:1:      ldierk_walled_garden_2, layout_loops_ring, serial_shops,
          nicolae_square_shop, minmay_surrounded
D:2:      layout_basic, dreamdust_ecumenical_altar_grove
D:3:      layout_loops_ring, minivault_19, uniq_jessica
D:4:      layout_rooms, serial_bayou_pond_b, corexii_leaking_fountain,
          uniq_natasha, uniq_sigmund, uniq_menkaure, uniq_ijyb, uniq_edmund

Skill      XL: |  1  2  3  4  5 |
---------------+----------------+-----
Dodging        | 3 4 |  4.1
Stealth        | 3 |  3.6
Ice Magic      | 5 |  5.7
Spellcasting   | 3 |  3.5

Action                   |  1- 3 |  4- 6 || total
-------------------------+-------+-------++-------
Melee: Unarmed           |    24 |       ||    24
       Staff             |       |    17 ||    17
       Punch             |       |     1 ||     1
Throw: Dart              |       |     3 ||     3
 Cast: Freeze            |    67 |    48 ||   115
       Frozen Ramparts   |     1 |     1 ||     2
       Ozocubu's Armour  |       |     1 ||     1
  Use: Potion            |       |     1 ||     1
 Stab: Sleeping          |       |     2 ||     2
Armor: Robe              |    15 |     7 ||    22
Dodge: Dodged            |    51 |    25 ||    76

Table legend: (Time is in decaauts)
 A = Elapsed time spent in this place.
 B = Non-inter-level travel time spent in this place.
 C = Inter-level travel time spent in this place.
 D = Time resting spent in this place.
 E = Time spent auto-exploring this place.
 F = Levels seen in this place.
 G = Mean time per level.
                   A        B        C        D        E       F      G
               +--------+--------+--------+--------+--------+-----+--------+
         Total |   3258 |   3187 |     71 |    258 |   2379 |   4 |  814.5 |
       Dungeon |   3258 |   3187 |     71 |    258 |   2379 |   4 |  814.5 |
               +--------+--------+--------+--------+--------+-----+--------+

Top non-repeatable levels by time:
     D:3: 1185 daAuts
     D:1: 1059 daAuts
     D:2: 1001 daAuts
     D:4: 12 daAuts
